 Dungeon Crawl Stone Soup version 0.14-a0-1168-gf5005bf (webtiles) character file.

102 PolkaDot the Ruinous (level 3, -1/24 HPs)
             Began as a Vampire Conjurer on Nov 29, 2013.
             Killed from afar by Sigmund (6 damage)
             ... with a magic dart
             ... on Level 2 of the Dungeon.
             The game lasted 00:06:17 (1675 turns).

PolkaDot the Ruinous (Vampire Conjurer)             Turns: 1675, Time: 00:06:17

HP  -1/24        AC  2     Str  7      XL: 3   Next: 87%
MP   6/6         EV 12     Int 18      God:
Gold 39          SH  0     Dex 14      Spells:  2 memorised,  1 level left

rFire  . . .     SeeInvis +     j - +0,+1 whip (elec)
rCold  . . .     Clarity  .     a - +0 robe
rNeg   + . .     Conserve .     (no shield)
rPois  .         rCorr    +     (no helmet)
rElec  .         rRot     .     (no cloak)
SustAb . .       Spirit   .     (no gloves)
rMut   .         Warding  .     (no boots)
Saprov . . .     Stasis   .     h - amulet of resist corrosion {unknown}
                                (no ring)
                                (no ring)

@: slightly resistant to hostile enchantments, stealthy
A: fangs 3, see invisible, unbreathing
a: Bat Form


You were on level 2 of the Dungeon.
You were not thirsty.

You visited 1 branch of the dungeon, and saw 2 of its levels.

You collected 39 gold pieces.

Inventory:

Hand weapons
 j - a +0,+1 whip of electrocution (weapon)
Armour
 a - a +0 robe (worn)
Scrolls
 b - 2 scrolls of teleportation {unknown}
 e - 5 scrolls of remove curse {unknown}
 f - a scroll of enchant weapon I {unknown}
 g - a scroll of random uselessness {unknown}
 k - a scroll of immolation {unknown}
 l - a scroll of fear {unknown}
Jewellery
 h - an amulet of resist corrosion (around neck) {unknown}
Books
 c - a book of Conjurations

   Spells                             Type                      Level
   *Magic Dart                        Conjuration                  1
   *Searing Ray                       Conjuration                  2
   Dazzling Spray                     Conjuration/Hexes            3
   Iskenderun's Mystic Blast          Conjuration                  4
   Iskenderun's Battlesphere          Conjuration/Charms           4
   Fulminant Prism                    Conjuration/Hexes            5


   Skills:
 - Level 2.1 Dodging
 - Level 3.0 Stealth
 - Level 1.0 Spellcasting
 * Level 4.1 Conjurations


You had one spell level left.
You knew the following spells:

 Your Spells              Type           Power        Failure   Level  Hunger
a - Magic Dart            Conj           ###.         4%          1    ##.....
s - Searing Ray           Conj           ###...       8%          2    ###....


Dungeon Overview and Level Annotations

Branches:
Dungeon (2/16)

Altars:
Ashenzari

Annotations:
D:2 Sigmund


Innate Abilities, Weirdness & Mutations

You have razor-sharp teeth.*
You have supernaturally acute eyesight.
You can survive without breathing.*


Message History

Sigmund looks at you with fury.
As you close the door, it creaks loudly!
A kobold opens the door.
You close the door.
A kobold opens the door.
You close the door.
A kobold opens the door.
You close the door.
A kobold opens the door.
You close the door.
A kobold opens the door.
You close the door.
A kobold opens the door.
You close the door.
A kobold opens the door.
You close the door.
A kobold opens the door.
Sigmund says, "Look into my eyes."
You close the door.
A kobold opens the door.
As you close the door, it creaks loudly!
A kobold opens the door.
There's a creature in the doorway!
Quiver which item? (- for none, * to show all) (? for menu, Esc to quit)
Okay, then.
Sigmund gestures at you while chanting. The magic dart hits you!
You die...

.......####.........#
##'##### ######'####
#.# #.# #.# #.# #.#
#######'##### #.#
#...........# #.#
###.....(.....# #.#
###.'>..........#
##.###...#......@....#
.......###...........#
##.##### #......K....#
#.# #...........# #.#
######@###### #.# #.#
#.# ###.# #.. #...#
##. #.###


You could see Sigmund (invisible) and a kobold.

Vanquished Creatures
  Ijyb (D:2)
  2 adders (D:2)
  A giant gecko (D:1)
  An ooze (D:1)
  5 goblins
  5 hobgoblins
  5 bats
  3 giant cockroaches (D:1)
  A giant newt (D:2)
  3 kobolds
  5 rats
32 creatures vanquished.

Notes
Turn   | Place    | Note
--------------------------------------------------------------
     0 | D:1      | PolkaDot, the Vampire Conjurer, began the quest for the Orb.
     0 | D:1      | Reached XP level 1. HP: 13/13 MP: 4/4
   270 | D:1      | Reached XP level 2. HP: 19/19 MP: 2/5
   404 | D:1      | Learned a level 2 spell: Searing Ray
   943 | D:2      | Found a shattered altar of Ashenzari.
   954 | D:2      | Saw a vision of the Shoals and the Spider Nest.
   954 | D:2      | Noticed a redback
   954 | D:2      | Noticed a merfolk
   954 | D:2      | Noticed a hippogriff
   954 | D:2      | Noticed a yellow wasp
   954 | D:2      | Noticed a merfolk
   955 | D:2      | Noticed a sea snake
   956 | D:2      | Noticed a hippogriff
   957 | D:2      | Noticed a merfolk
   982 | D:2      | Noticed Ijyb
   992 | D:2      | Killed Ijyb
   992 | D:2      | Reached XP level 3. HP: 16/24 MP: 0/6
  1079 | D:2      | Reached skill level 4 in Conjurations
  1600 | D:2      | Noticed Sigmund
  1626 | D:2      | HP: 1/24 [poison (a potion of poison)]
  1675 | D:2      | Killed from afar by Sigmund

Action                   || total
-------------------------++-------
Melee: Unarmed           ||    18
       Whip              ||     5
 Cast: Magic Dart        ||    44
       Searing Ray       ||     4
  Use: Potion            ||     4
 Stab: Sleeping          ||     1
